Blue Jackets vs Oilers
Created - 3 décembre 2014 at 21:58
Goals
|
Blue Jackets |
2 |
1 |
2 |
5 |
Oilers |
4 |
0 |
0 |
4 |
|
Shots
|
Blue Jackets |
15 |
10 |
8 |
33 |
Oilers |
19 |
8 |
2 |
29 |
|
1st period
1. Blue Jackets , Marc Savard 14 (David Booth, Wade Redden) at 5:59
2. Oilers , Pavel Datsyuk 20 (Ilya Kovalchuk) at 6:07
3. Oilers , Ilya Kovalchuk 18 (Pavel Datsyuk) at 7:37
4. Oilers , Patrick Kane 18 (Jonathan Toews, Cam Ward) at 8:27 (PP)
5. Oilers , Pavel Datsyuk 21 (Ilya Kovalchuk) at 10:48 (PP)
6. Blue Jackets , Ramzi Abid 11 (Blake Wheeler, Jan Bulis) at 11:42
Penalties :
David Moss (Edm) for Hooking (Minor) at 1:05, Marc Savard (Clb) for Hooking (Minor) at 7:42, Ramzi Abid (Clb) for Roughing (Minor) at 10:38, Tomas Fleischmann (Edm) for Hooking (Minor) at 18:20
2nd period
7. Blue Jackets , Chris Kelly 13 (Marcus Nilson) at 5:40
Penalties :
Brad Stuart (Clb) for Slashing (Minor) at 17:35
3rd period
8. Blue Jackets , David Booth 20 (François Beauchemin, Pavel Bure) at 3:06 (PP)
9. Blue Jackets , David Booth 21 (Marc Savard, Dave Steckel) at 11:04
Penalties :
David Moss (Edm) for Roughing (Minor) at 2:54, A.J Thelen (Clb) for Goalie Interference (Minor) at 7:52, Steve Staios (Edm) for Holding (Minor) at 13:01
Goalie Stats
Mathieu Garon (Clb), 14 saves from 14 shots - (1,000), W, 4-3-1, 49:12 minutes
Rick DiPietro (Clb), 11 saves from 15 shots - (0,733), 10:48 minutes
Cam Ward (Edm), 28 saves from 33 shots - (0,848), L, 13-10-2, 59:20 minutes
Players Stats for Blue Jackets
Player Name G A P +/- PIM S H SB GA TA FO MP PP MP PK MP
------------------------------------------------------------------------------------
A.J Thelen 0 0 0 2 2 1 0 1 1 0 0/0 12:19 0:00 1:23
Adam Deadmarsh 0 0 0 1 0 0 1 1 0 0 0/0 11:24 0:00 0:00
Blake Wheeler 0 1 1 0 0 0 3 1 0 1 1/1 16:40 2:26 1:11
Brad Stuart 0 0 0 -1 2 2 2 2 0 1 0/0 19:39 2:04 0:57
Branislav Mezei 0 0 0 1 0 3 1 1 0 3 0/0 28:04 4:05 2:33
Chris Kelly 1 0 1 1 0 2 4 0 1 0 4/11 11:38 0:00 0:14
Dave Steckel 0 1 1 0 0 2 0 1 0 0 1/1 7:30 0:00 0:00
David Booth 2 1 3 1 0 4 0 1 1 0 1/1 23:43 3:43 3:03
François Beauchemin 0 1 1 -1 0 0 1 1 2 0 0/0 21:03 2:04 2:20
Jan Bulis 0 1 1 0 0 0 0 0 0 1 6/9 15:29 2:26 0:00
Jason Ward 0 0 0 0 0 0 0 1 0 0 0/0 7:30 0:00 0:00
Jeff Taffe 0 0 0 0 0 1 0 1 1 0 0/1 8:44 0:00 1:10
Marc Savard 1 1 2 1 2 5 0 1 0 0 21/38 22:57 3:43 2:18
Marcus Nilson 0 1 1 1 0 2 1 0 0 0 0/1 12:07 0:00 0:39
Mike Commodore 0 0 0 2 0 1 1 0 0 0 0/0 10:53 0:00 0:00
Pavel Bure 0 1 1 1 0 3 4 1 1 1 0/1 21:51 3:43 1:11
Ramzi Abid 1 0 1 0 2 5 0 0 0 0 0/0 15:28 2:26 0:00
Wade Redden 0 1 1 1 0 2 3 0 0 0 0/0 28:04 4:05 2:33
Players Stats for Oilers
Player Name G A P +/- PIM S H SB GA TA FO MP PP MP PK MP
------------------------------------------------------------------------------------
Christian Ehrhoff 0 0 0 -1 0 0 0 1 0 0 0/0 16:51 2:26 0:00
David Moss 0 0 0 0 4 1 0 0 0 0 0/0 6:41 0:00 0:00
Duncan Keith 0 0 0 -1 0 2 2 1 0 1 0/0 24:11 2:26 3:06
Eric Nystrom 0 0 0 -2 0 0 2 2 0 1 0/0 15:43 0:00 3:14
Ian White 0 0 0 0 0 1 0 3 2 0 0/0 26:49 2:27 3:03
Ilya Kovalchuk 1 2 3 1 0 5 1 0 1 0 2/3 18:59 2:25 0:10
Jonathan Toews 0 1 1 -1 0 1 0 0 0 0 7/15 15:37 2:28 0:10
Olli Jokinen 0 0 0 0 0 1 0 0 0 0 1/2 6:42 0:00 0:00
Patrick Kaleta 0 0 0 1 0 1 0 0 0 2 0/1 17:34 2:25 0:00
Patrick Kane 1 0 1 -1 0 5 0 0 3 0 0/0 16:42 2:28 0:00
Pavel Datsyuk 2 1 3 1 0 6 0 0 0 1 15/30 21:58 2:25 2:45
Peter Regin 0 0 0 -2 0 2 1 0 0 0 3/10 15:43 0:00 3:14
Rob Scuderi 0 0 0 -1 0 0 1 0 0 0 0/0 20:13 0:00 3:06
Scott Niedermayer 0 0 0 0 0 1 0 1 0 0 0/0 21:46 2:27 3:03
Steve Begin 0 0 0 0 0 0 0 0 0 1 2/2 9:51 0:00 2:45
Steve Staios 0 0 0 -1 2 0 0 2 0 1 0/0 10:46 0:00 0:00
Tomas Fleischmann 0 0 0 -1 2 2 0 0 1 0 0/0 15:49 2:28 0:00
Wayne Simmonds 0 0 0 -2 0 1 1 1 0 0 0/1 11:52 0:00 0:00
3 Stars
1 - David Booth (Clb)
2 - Pavel Datsyuk (Edm)
3 - Ilya Kovalchuk (Edm)
Power Play
Blue Jackets - 1 on 4 Attempt(s) - 25,00%
Oilers - 2 on 4 Attempt(s) - 50,00%
Penalty Kill
Blue Jackets - 2 on 4 Attempt(s) - 50,00%
- Score 0 goal in Penalty Kill
Oilers - 3 on 4 Attempt(s) - 75,00%
- Score 0 goal in Penalty Kill
Official
Referees : Leggo Mike and Hebert Ghislain
Linesman : Greg Devorski and Lonnie Cameron
Game Notes
Mathieu Garon enters game at 10:48 of 1st period
Finance
Level 1 -- Attendance: 6000 (100,00%) -- Ticket Income 522 000 $
Level 2 -- Attendance: 4973 (99,46%) -- Ticket Income 263 569 $
Level 3 -- Attendance: 1933 (96,65%) -- Ticket Income 61 856 $
Level 4 -- Attendance: 3662 (91,55%) -- Ticket Income 76 902 $
Luxury Box -- Attendance: 1000 (100,00%) -- Ticket Income 162 000 $
Game was played at the Rexall Place
Total Attendance: 17568 (97,60%)
Total Ticket Income: 1 086 327 $
Other Income: 162 949 $
Total Income: 1 249 276 $
Blue Jackets
5 vs 5 Forward
Center Left Wing Right Wing Time % Phy DF OF
1 Marc Savard David Booth Pavel Bure 40 1 2 2
2 Jan Bulis Ramzi Abid Blake Wheeler 28 1 2 2
3 Chris Kelly Marcus Nilson Adam Deadmarsh 22 1 2 2
4 Dave Steckel Jeff Taffe Jason Ward 10 1 2 2
5 vs 5 Defense
Defense Defense Time % Phy DF OF
1 Branislav Mezei Wade Redden 40 1 2 2
2 François Beauchemin Brad Stuart 30 1 2 2
3 Mike Commodore A.J Thelen 20 1 2 2
4 Branislav Mezei Wade Redden 10 1 2 2
PowerPlay Forward
Center Left Wing Right Wing Time % Phy DF OF
1 Marc Savard David Booth Pavel Bure 60 1 2 2
2 Jan Bulis Ramzi Abid Blake Wheeler 40 1 2 2
PowerPlay Defense
Defense Defense Time % Phy DF OF
1 Branislav Mezei Wade Redden 60 1 2 2
2 François Beauchemin Brad Stuart 40 1 2 2
Penalty Kill 4 Players Forward
Center Wing Time % Phy DF OF
1 Marc Savard David Booth 60 1 2 2
2 Pavel Bure Blake Wheeler 40 1 2 2
Penalty Kill 4 Players Defense
Defense Defense Time % Phy DF OF
1 Branislav Mezei Wade Redden 60 1 2 2
2 François Beauchemin Brad Stuart 40 1 2 2
Penalty Kill - 3 Players Forward
Forward Time % Phy DF OF
1 Marc Savard 60 1 2 2
2 David Booth 40 1 2 2
Penalty Kill - 3 Players Defense
Defense Defense Time % Phy DF OF
1 Branislav Mezei Wade Redden 60 1 2 2
2 François Beauchemin Brad Stuart 40 1 2 2
4 vs 4 Forward
Center Wing Time % Phy DF OF
1 Marc Savard David Booth 60 1 2 2
2 Pavel Bure Blake Wheeler 40 1 2 2
4 vs 4 Defense
Defense Defense Time % Phy DF OF
1 Branislav Mezei Wade Redden 60 1 2 2
2 François Beauchemin Brad Stuart 40 1 2 2
Last Minutes Offensive
Center Left Wing Right Wing Defense Defense
Marc Savard David Booth Pavel Bure Branislav Mezei Wade Redden
Last Minutes Defensive
Center Left Wing Right Wing Defense Defense
Marc Savard David Booth Pavel Bure Branislav Mezei Wade Redden
Goaltenders
Starting : Rick DiPietro
Backup : Mathieu Garon
Extra Forwards
Normal : Marcus Nilson, Chris Kelly, Jeff Taffe - PP : Marcus Nilson, Chris Kelly - PK : Jeff Taffe
Extra Defensemen
Normal : Mike Commodore, A.J Thelen, François Beauchemin - PP : Mike Commodore - PK : A.J Thelen, François Beauchemin
Penalty Shots
Marc Savard, David Booth, Pavel Bure, Blake Wheeler, Ramzi Abid
Oilers
5 vs 5 Forward
Center Left Wing Right Wing Time % Phy DF OF
1 Pavel Datsyuk Ilya Kovalchuk Patrick Kaleta 40 1 2 2
2 Jonathan Toews Tomas Fleischmann Patrick Kane 35 1 2 2
3 Peter Regin Eric Nystrom Wayne Simmonds 20 1 2 2
4 Olli Jokinen Steve Begin David Moss 5 1 2 2
5 vs 5 Defense
Defense Defense Time % Phy DF OF
1 Ian White Scott Niedermayer 34 1 2 2
2 Duncan Keith Rob Scuderi 33 1 2 2
3 Christian Ehrhoff Steve Staios 21 1 2 2
4 Ian White Christian Ehrhoff 12 1 2 2
PowerPlay Forward
Center Left Wing Right Wing Time % Phy DF OF
1 Jonathan Toews Tomas Fleischmann Patrick Kane 50 1 1 3
2 Pavel Datsyuk Ilya Kovalchuk Patrick Kaleta 50 1 1 3
PowerPlay Defense
Defense Defense Time % Phy DF OF
1 Ian White Scott Niedermayer 50 0 2 3
2 Duncan Keith Christian Ehrhoff 50 0 2 3
Penalty Kill 4 Players Forward
Center Wing Time % Phy DF OF
1 Pavel Datsyuk Steve Begin 50 1 3 1
2 Peter Regin Eric Nystrom 50 1 3 1
Penalty Kill 4 Players Defense
Defense Defense Time % Phy DF OF
1 Ian White Scott Niedermayer 50 1 3 1
2 Duncan Keith Rob Scuderi 50 1 3 1
Penalty Kill - 3 Players Forward
Forward Time % Phy DF OF
1 Pavel Datsyuk 50 1 4 0
2 Ilya Kovalchuk 50 1 4 0
Penalty Kill - 3 Players Defense
Defense Defense Time % Phy DF OF
1 Ian White Scott Niedermayer 50 1 4 0
2 Duncan Keith Rob Scuderi 50 1 4 0
4 vs 4 Forward
Center Wing Time % Phy DF OF
1 Pavel Datsyuk Ilya Kovalchuk 50 1 2 2
2 Jonathan Toews Patrick Kane 50 1 2 2
4 vs 4 Defense
Defense Defense Time % Phy DF OF
1 Ian White Scott Niedermayer 50 1 2 2
2 Duncan Keith Rob Scuderi 50 1 2 2
Last Minutes Offensive
Center Left Wing Right Wing Defense Defense
Pavel Datsyuk Ilya Kovalchuk Patrick Kane Ian White Duncan Keith
Last Minutes Defensive
Center Left Wing Right Wing Defense Defense
Pavel Datsyuk Ilya Kovalchuk Patrick Kane Ian White Rob Scuderi
Goaltenders
Starting : Cam Ward
Backup : Sebastien Caron
Extra Forwards
Normal : Patrick Kane, Pavel Datsyuk, Ilya Kovalchuk - PP : Peter Regin, Wayne Simmonds - PK : Jonathan Toews
Extra Defensemen
Normal : Duncan Keith, Christian Ehrhoff, Ian White - PP : Steve Staios - PK : Christian Ehrhoff, Steve Staios
Penalty Shots
Ilya Kovalchuk, Patrick Kane, Pavel Datsyuk, Jonathan Toews, Peter Regin
% Time on Ice - Blue Jackets
Lines # - Real PCT - Wanted PCT - Time Play
Normal Forward
1 - 33% - 40% - 15:46
2 - 27% - 28% - 13:03
3 - 24% - 22% - 11:24
4 - 16% - 10% - 7:30
Normal Defense
1 - 38% - 40% - 18:22
2 - 34% - 30% - 16:21
3 - 23% - 20% - 10:53
4 - 4% - 10% - 2:07
PP Forward
1 - 60% - 60% - 3:43
2 - 40% - 40% - 2:26
PP Defense
1 - 66% - 60% - 4:05
2 - 34% - 40% - 2:04
PK Forward
1 - 76% - 60% - 3:42
2 - 24% - 40% - 1:11
PK Defense
1 - 52% - 60% - 2:33
2 - 48% - 40% - 2:20
PK3 Forward
1 - 0% - 60%
2 - 0% - 40%
PK3 Defense
1 - 0% - 60%
2 - 0% - 40%
44 Forward
1 - 0% - 60%
2 - 0% - 40%
44 Defense
1 - 0% - 60%
2 - 0% - 40%
Last Minute Offensive - 0:00
Last Minute Defensive - 1:15
Total
Forward - 60:00
Defense - 60:00
|
% Time on Ice - Oilers
Lines # - Real PCT - Wanted PCT - Time Play
Normal Forward
1 - 32% - 40% - 15:26
2 - 29% - 35% - 13:43
3 - 25% - 20% - 11:52
4 - 14% - 5% - 6:42
Normal Defense
1 - 34% - 34% - 16:16
2 - 36% - 33% - 17:24
3 - 21% - 21% - 10:10
4 - 8% - 12% - 3:53
PP Forward
1 - 51% - 50% - 2:28
2 - 49% - 50% - 2:25
PP Defense
1 - 50% - 50% - 2:27
2 - 50% - 50% - 2:26
PK Forward
1 - 45% - 50% - 2:45
2 - 55% - 50% - 3:24
PK Defense
1 - 50% - 50% - 3:03
2 - 50% - 50% - 3:06
PK3 Forward
1 - 0% - 50%
2 - 0% - 50%
PK3 Defense
1 - 0% - 50%
2 - 0% - 50%
44 Forward
1 - 0% - 50%
2 - 0% - 50%
44 Defense
1 - 0% - 50%
2 - 0% - 50%
Last Minute Offensive - 1:15
Last Minute Defensive - 0:00
Total
Forward - 60:00
Defense - 60:00
|
Play by Play
1st period
0:01 of 1st period - Pavel Datsyuk wins face-off versus Marc Savard in neutral zone.
0:04 of 1st period - Snap shot by Ilya Kovalchuk.
0:04 of 1st period - Shot Misses the Net.
0:31 of 1st period - David Booth is hit by Eric Nystrom and loses puck.
0:56 of 1st period - Wrist shot by Patrick Kane.
0:56 of 1st period - Deflect By Jonathan Toews.
0:56 of 1st period - Stopped by Rick DiPietro without a rebound.
0:57 of 1st period - Olli Jokinen wins face-off versus Chris Kelly in Blue Jackets zone.
0:58 of 1st period - Wrist shot by David Moss.
0:58 of 1st period - Stopped by Rick DiPietro with a rebound.
1:05 of 1st period - Minor Penalty to David Moss for Hooking.
1:06 of 1st period - Marc Savard wins face-off versus Pavel Datsyuk in Oilers zone.
1:13 of 1st period - Snap shot by Marc Savard.
1:13 of 1st period - Shot Misses the Net.
1:15 of 1st period - Snap shot by Marc Savard.
1:15 of 1st period - Shot Blocked by Ian White.
1:17 of 1st period - Slapshot by Branislav Mezei.
1:17 of 1st period - Stopped by Cam Ward without a rebound.
1:18 of 1st period - Marc Savard wins face-off versus Peter Regin in Oilers zone.
2:56 of 1st period - Branislav Mezei is hit by Rob Scuderi.
3:05 of 1st period - Penalty to David Moss is over, David Moss is back on ice.
3:11 of 1st period - Icing by Blake Wheeler.
3:12 of 1st period - Jonathan Toews wins face-off versus Jan Bulis in Blue Jackets zone.
3:35 of 1st period - Slapshot by Ilya Kovalchuk.
3:35 of 1st period - Shot Blocked by Brad Stuart.
3:41 of 1st period - Pavel Datsyuk is hit by Adam Deadmarsh and loses puck.
4:00 of 1st period - Snap shot by Branislav Mezei.
4:00 of 1st period - Shot Blocked by Wayne Simmonds.
4:17 of 1st period - Slapshot by Duncan Keith.
4:17 of 1st period - Stopped by Rick DiPietro without a rebound.
4:18 of 1st period - Jonathan Toews wins face-off versus Marc Savard in Blue Jackets zone.
4:19 of 1st period - Wrist shot by Patrick Kane.
4:19 of 1st period - Stopped by Rick DiPietro with a rebound.
4:31 of 1st period - Snap shot by David Booth.
4:31 of 1st period - Stopped by Cam Ward with a rebound.
5:49 of 1st period - Slapshot by Wade Redden.
5:49 of 1st period - Shot Misses the Net.
5:51 of 1st period - Wrist shot by Marc Savard.
5:51 of 1st period - Deflect By Pavel Bure.
5:51 of 1st period - Deflect By Scott Niedermayer.
5:51 of 1st period - Stopped by Cam Ward with a rebound.
5:53 of 1st period - Wrist shot by Pavel Bure.
5:53 of 1st period - Shot Misses the Net.
5:59 of 1st period - Wrist shot by Marc Savard.
5:59 of 1st period - Goal by Marc Savard - Blue Jackets : 1 - Oilers : 0.
6:00 of 1st period - Pavel Datsyuk wins face-off versus Marc Savard in neutral zone.
6:07 of 1st period - Snap shot by Pavel Datsyuk.
6:07 of 1st period - Goal by Pavel Datsyuk - Blue Jackets : 1 - Oilers : 1.
6:08 of 1st period - Marc Savard wins face-off versus Pavel Datsyuk in neutral zone.
6:11 of 1st period - Slapshot by Wade Redden.
6:11 of 1st period - Stopped by Cam Ward without a rebound.
6:12 of 1st period - Marc Savard wins face-off versus Pavel Datsyuk in Oilers zone.
7:11 of 1st period - Snap shot by Patrick Kane.
7:11 of 1st period - Stopped by Rick DiPietro without a rebound.
7:12 of 1st period - Pavel Datsyuk wins face-off versus Marc Savard in Blue Jackets zone.
7:19 of 1st period - Wrist shot by Pavel Datsyuk.
7:19 of 1st period - Stopped by Rick DiPietro without a rebound.
7:20 of 1st period - Pavel Datsyuk wins face-off versus Pavel Bure in Blue Jackets zone.
7:23 of 1st period - Wrist shot by Pavel Datsyuk.
7:23 of 1st period - Shot Misses the Net.
7:25 of 1st period - Snap shot by Pavel Datsyuk.
7:25 of 1st period - Shot Misses the Net.
7:27 of 1st period - Wrist shot by Pavel Datsyuk.
7:27 of 1st period - Stopped by Rick DiPietro without a rebound.
7:28 of 1st period - Ilya Kovalchuk wins face-off versus Jan Bulis in Blue Jackets zone.
7:35 of 1st period - Wrist shot by Ilya Kovalchuk.
7:35 of 1st period - Stopped by Rick DiPietro with a rebound.
7:37 of 1st period - Wrist shot by Ilya Kovalchuk.
7:37 of 1st period - Goal by Ilya Kovalchuk - Blue Jackets : 1 - Oilers : 2.
7:38 of 1st period - Pavel Datsyuk wins face-off versus Marc Savard in neutral zone.
7:42 of 1st period - Minor Penalty to Marc Savard for Hooking.
7:43 of 1st period - Jonathan Toews wins face-off versus Jeff Taffe in Blue Jackets zone.
8:13 of 1st period - Wrist shot by Pavel Datsyuk.
8:13 of 1st period - Shot Misses the Net.
8:15 of 1st period - Slapshot by Duncan Keith.
8:15 of 1st period - Stopped by Rick DiPietro without a rebound.
8:16 of 1st period - Chris Kelly wins face-off versus Jonathan Toews in Blue Jackets zone.
8:25 of 1st period - Slapshot by Patrick Kane.
8:25 of 1st period - Stopped by Rick DiPietro with a rebound.
8:27 of 1st period - Snap shot by Patrick Kane.
8:27 of 1st period - Goal by Patrick Kane - Blue Jackets : 1 - Oilers : 3.
8:28 of 1st period - Marc Savard wins face-off versus Pavel Datsyuk in neutral zone.
8:43 of 1st period - Snap shot by Marc Savard.
8:43 of 1st period - Stopped by Cam Ward with a rebound.
8:53 of 1st period - Ian White is hit by Blake Wheeler and loses puck.
9:20 of 1st period - Brad Stuart is hit by Peter Regin and loses puck.
10:07 of 1st period - Wrist shot by David Moss.
10:07 of 1st period - Shot Blocked by Jason Ward.
10:16 of 1st period - Off-side.
10:17 of 1st period - Jan Bulis wins face-off versus Jonathan Toews in neutral zone.
10:22 of 1st period - Slapshot by Wade Redden.
10:22 of 1st period - Shot Misses the Net.
10:30 of 1st period - Slapshot by Patrick Kane.
10:30 of 1st period - Shot Misses the Net.
10:32 of 1st period - Snap shot by Tomas Fleischmann.
10:32 of 1st period - Stopped by Rick DiPietro with a rebound.
10:38 of 1st period - Minor Penalty to Ramzi Abid for Roughing.
10:39 of 1st period - Pavel Datsyuk wins face-off versus Marc Savard in Blue Jackets zone.
10:48 of 1st period - Snap shot by Pavel Datsyuk.
10:48 of 1st period - Goal by Pavel Datsyuk - Blue Jackets : 1 - Oilers : 4.
10:48 of 1st period - Mathieu Garon enters game.
10:49 of 1st period - Marc Savard wins face-off versus Pavel Datsyuk in neutral zone.
11:42 of 1st period - Wrist shot by Ramzi Abid.
11:42 of 1st period - Goal by Ramzi Abid - Blue Jackets : 2 - Oilers : 4.
11:43 of 1st period - David Booth wins face-off versus Ilya Kovalchuk in neutral zone.
11:49 of 1st period - Off-side.
11:50 of 1st period - Pavel Datsyuk wins face-off versus Marc Savard in neutral zone.
13:00 of 1st period - Snap shot by Jeff Taffe.
13:00 of 1st period - Deflect By Dave Steckel.
13:00 of 1st period - Stopped by Cam Ward with a rebound.
13:02 of 1st period - Slapshot by A.J Thelen.
13:02 of 1st period - Deflect By Scott Niedermayer.
13:02 of 1st period - Stopped by Cam Ward with a rebound.
13:14 of 1st period - Wrist shot by Ian White.
13:14 of 1st period - Stopped by Mathieu Garon with a rebound.
13:24 of 1st period - Snap shot by Pavel Bure.
13:24 of 1st period - Stopped by Cam Ward without a rebound.
13:25 of 1st period - Jonathan Toews wins face-off versus Jan Bulis in Oilers zone.
13:25 of 1st period - Jonathan Toews is hit by Wade Redden.
13:31 of 1st period - Snap shot by Patrick Kane.
13:31 of 1st period - Shot Misses the Net.
13:51 of 1st period - Rob Scuderi is hit by Branislav Mezei.
14:08 of 1st period - Icing by Rob Scuderi.
14:09 of 1st period - Chris Kelly wins face-off versus Pavel Datsyuk in Oilers zone.
14:27 of 1st period - Rob Scuderi is hit by Chris Kelly.
14:37 of 1st period - Wrist shot by Patrick Kane.
14:37 of 1st period - Shot Blocked by David Booth.
14:57 of 1st period - Wrist shot by Ramzi Abid.
14:57 of 1st period - Shot Blocked by Duncan Keith.
15:01 of 1st period - Wrist shot by Ramzi Abid.
15:01 of 1st period - Stopped by Cam Ward without a rebound.
15:02 of 1st period - Jan Bulis wins face-off versus Wayne Simmonds in Oilers zone.
15:15 of 1st period - Slapshot by Blake Wheeler.
15:15 of 1st period - Shot Misses the Net.
15:25 of 1st period - Snap shot by Scott Niedermayer.
15:25 of 1st period - Stopped by Mathieu Garon without a rebound.
15:26 of 1st period - Marc Savard wins face-off versus Pavel Datsyuk in Blue Jackets zone.
15:51 of 1st period - Patrick Kane is hit by Chris Kelly and loses puck.
15:58 of 1st period - Scott Niedermayer is hit by Brad Stuart and loses puck.
16:37 of 1st period - Wrist shot by Olli Jokinen.
16:37 of 1st period - Stopped by Mathieu Garon with a rebound.
16:53 of 1st period - Snap shot by Pavel Datsyuk.
16:53 of 1st period - Stopped by Mathieu Garon without a rebound.
16:54 of 1st period - Marc Savard wins face-off versus Pavel Datsyuk in Blue Jackets zone.
17:19 of 1st period - Duncan Keith is hit by Wade Redden and loses puck.
17:28 of 1st period - Wrist shot by Ramzi Abid.
17:28 of 1st period - Stopped by Cam Ward with a rebound.
18:03 of 1st period - Off-side.
18:04 of 1st period - Jonathan Toews wins face-off versus Marc Savard in neutral zone.
18:11 of 1st period - Wrist shot by David Booth.
18:11 of 1st period - Shot Blocked by Christian Ehrhoff.
18:13 of 1st period - Snap shot by David Booth.
18:13 of 1st period - Shot Misses the Net.
18:15 of 1st period - Slapshot by Branislav Mezei.
18:15 of 1st period - Deflect By Jonathan Toews.
18:15 of 1st period - Stopped by Cam Ward without a rebound.
18:16 of 1st period - Marc Savard wins face-off versus Jonathan Toews in Oilers zone.
18:20 of 1st period - Minor Penalty to Tomas Fleischmann for Hooking.
18:21 of 1st period - Marc Savard wins face-off versus Peter Regin in Oilers zone.
18:23 of 1st period - Wrist shot by Pavel Bure.
18:23 of 1st period - Stopped by Cam Ward without a rebound.
18:24 of 1st period - Marc Savard wins face-off versus Peter Regin in Oilers zone.
18:57 of 1st period - Slapshot by Ian White.
18:57 of 1st period - Deflect By Pavel Datsyuk.
18:57 of 1st period - Shot Blocked by Blake Wheeler.
18:57 of 1st period - Puck is out of play.
18:58 of 1st period - Blake Wheeler wins face-off versus Peter Regin in Blue Jackets zone.
19:03 of 1st period - Snap shot by Ramzi Abid.
19:03 of 1st period - Stopped by Cam Ward without a rebound.
19:04 of 1st period - Marc Savard wins face-off versus Peter Regin in Oilers zone.
Goals for this period are 2 for Blue Jackets vs 4 for Oilers.
Shots for this period are 15 for Blue Jackets vs 19 for Oilers.
2nd period
0:01 of 2nd period - Pavel Datsyuk wins face-off versus Marc Savard in neutral zone.
0:20 of 2nd period - Penalty to Tomas Fleischmann is over, Tomas Fleischmann is back on ice.
0:32 of 2nd period - Snap shot by Ramzi Abid.
0:32 of 2nd period - Shot Misses the Net.
0:34 of 2nd period - Slapshot by Brad Stuart.
0:34 of 2nd period - Stopped by Cam Ward with a rebound.
0:47 of 2nd period - Off-side.
0:48 of 2nd period - Peter Regin wins face-off versus Chris Kelly in neutral zone.
1:13 of 2nd period - Marcus Nilson is hit by Wayne Simmonds and loses puck.
1:28 of 2nd period - Slapshot by Peter Regin.
1:28 of 2nd period - Stopped by Mathieu Garon without a rebound.
1:29 of 2nd period - Marc Savard wins face-off versus Jonathan Toews in Blue Jackets zone.
2:03 of 2nd period - Wrist shot by Jan Bulis.
2:03 of 2nd period - Shot Blocked by Ian White.
2:35 of 2nd period - Rob Scuderi is hit by Pavel Bure and loses puck.
3:45 of 2nd period - Slapshot by Wade Redden.
3:45 of 2nd period - Shot Misses the Net.
4:10 of 2nd period - Wrist shot by Dave Steckel.
4:10 of 2nd period - Stopped by Cam Ward without a rebound.
4:11 of 2nd period - Marc Savard wins face-off versus Jonathan Toews in Oilers zone.
4:25 of 2nd period - Snap shot by Patrick Kane.
4:25 of 2nd period - Stopped by Mathieu Garon with a rebound.
4:27 of 2nd period - Wrist shot by Jonathan Toews.
4:27 of 2nd period - Shot Blocked by François Beauchemin.
5:30 of 2nd period - Slapshot by Pavel Bure.
5:30 of 2nd period - Shot Blocked by Ian White.
5:32 of 2nd period - Backhand shot by Pavel Bure.
5:32 of 2nd period - Shot Misses the Net.
5:34 of 2nd period - Wrist shot by Marc Savard.
5:34 of 2nd period - Stopped by Cam Ward without a rebound.
5:35 of 2nd period - Chris Kelly wins face-off versus Jonathan Toews in Oilers zone.
5:40 of 2nd period - Slapshot by Chris Kelly.
5:40 of 2nd period - Goal by Chris Kelly - Blue Jackets : 3 - Oilers : 4.
5:41 of 2nd period - Jan Bulis wins face-off versus Jonathan Toews in neutral zone.
6:12 of 2nd period - Wrist shot by Chris Kelly.
6:12 of 2nd period - Stopped by Cam Ward without a rebound.
6:13 of 2nd period - Pavel Datsyuk wins face-off versus Chris Kelly in Oilers zone.
6:48 of 2nd period - Snap shot by Jonathan Toews.
6:48 of 2nd period - Shot Misses the Net.
7:28 of 2nd period - Wrist shot by Peter Regin.
7:28 of 2nd period - Shot Blocked by Brad Stuart.
7:30 of 2nd period - Slapshot by Wayne Simmonds.
7:30 of 2nd period - Stopped by Mathieu Garon with a rebound.
7:32 of 2nd period - Wrist shot by Peter Regin.
7:32 of 2nd period - Shot Blocked by Dave Steckel.
7:44 of 2nd period - Snap shot by Peter Regin.
7:44 of 2nd period - Stopped by Mathieu Garon without a rebound.
7:45 of 2nd period - Marc Savard wins face-off versus Pavel Datsyuk in Blue Jackets zone.
7:58 of 2nd period - Wrist shot by Ilya Kovalchuk.
7:58 of 2nd period - Stopped by Mathieu Garon without a rebound.
7:59 of 2nd period - Jan Bulis wins face-off versus Jonathan Toews in Blue Jackets zone.
9:03 of 2nd period - Ilya Kovalchuk is hit by Chris Kelly.
9:21 of 2nd period - Snap shot by Jeff Taffe.
9:21 of 2nd period - Shot Misses the Net.
9:23 of 2nd period - Wrist shot by Jeff Taffe.
9:23 of 2nd period - Shot Blocked by Steve Staios.
9:25 of 2nd period - Slapshot by Mike Commodore.
9:25 of 2nd period - Stopped by Cam Ward without a rebound.
9:26 of 2nd period - Marc Savard wins face-off versus Peter Regin in Oilers zone.
10:01 of 2nd period - Snap shot by Marcus Nilson.
10:01 of 2nd period - Shot Blocked by Eric Nystrom.
10:44 of 2nd period - Snap shot by Ilya Kovalchuk.
10:44 of 2nd period - Stopped by Mathieu Garon without a rebound.
10:45 of 2nd period - Marc Savard wins face-off versus Pavel Datsyuk in Blue Jackets zone.
10:58 of 2nd period - Snap shot by Ilya Kovalchuk.
10:58 of 2nd period - Shot Misses the Net.
11:35 of 2nd period - Patrick Kane is hit by François Beauchemin and loses puck.
11:40 of 2nd period - Snap shot by Jeff Taffe.
11:40 of 2nd period - Shot Misses the Net.
11:48 of 2nd period - Wrist shot by Jeff Taffe.
11:48 of 2nd period - Stopped by Cam Ward with a rebound.
12:09 of 2nd period - Icing by Branislav Mezei.
12:10 of 2nd period - Chris Kelly wins face-off versus Pavel Datsyuk in Blue Jackets zone.
13:33 of 2nd period - Steve Begin is hit by Chris Kelly and loses puck.
15:32 of 2nd period - Slapshot by Brad Stuart.
15:32 of 2nd period - Stopped by Cam Ward without a rebound.
15:33 of 2nd period - Jan Bulis wins face-off versus Peter Regin in Oilers zone.
16:09 of 2nd period - Wrist shot by Pavel Datsyuk.
16:09 of 2nd period - Stopped by Mathieu Garon without a rebound.
16:10 of 2nd period - Pavel Datsyuk wins face-off versus Marcus Nilson in Blue Jackets zone.
16:39 of 2nd period - Backhand shot by Branislav Mezei.
16:39 of 2nd period - Shot Blocked by Steve Staios.
17:07 of 2nd period - Slapshot by Steve Begin.
17:07 of 2nd period - Shot Misses the Net.
17:27 of 2nd period - Snap shot by Patrick Kaleta.
17:27 of 2nd period - Stopped by Mathieu Garon with a rebound.
17:29 of 2nd period - Wrist shot by Ilya Kovalchuk.
17:29 of 2nd period - Shot Blocked by Jeff Taffe.
17:35 of 2nd period - Minor Penalty to Brad Stuart for Slashing.
17:36 of 2nd period - Marc Savard wins face-off versus Patrick Kaleta in Blue Jackets zone.
18:33 of 2nd period - Pavel Datsyuk is hit by Pavel Bure.
19:06 of 2nd period - Patrick Kaleta is hit by Blake Wheeler.
19:34 of 2nd period - Wrist shot by Marcus Nilson.
19:34 of 2nd period - Stopped by Cam Ward with a rebound.
19:35 of 2nd period - Penalty to Brad Stuart is over, Brad Stuart is back on ice.
19:36 of 2nd period - Snap shot by Jeff Taffe.
19:36 of 2nd period - Shot Misses the Net.
19:38 of 2nd period - Wrist shot by Marcus Nilson.
19:38 of 2nd period - Stopped by Cam Ward without a rebound.
19:39 of 2nd period - Peter Regin wins face-off versus Chris Kelly in Oilers zone.
Goals for this period are 1 for Blue Jackets vs 0 for Oilers.
Shots for this period are 10 for Blue Jackets vs 8 for Oilers.
3rd period
0:01 of 3rd period - Pavel Datsyuk wins face-off versus Marc Savard in neutral zone.
0:43 of 3rd period - Icing by Scott Niedermayer.
0:44 of 3rd period - Peter Regin wins face-off versus Chris Kelly in Oilers zone.
0:59 of 3rd period - Snap shot by Eric Nystrom.
0:59 of 3rd period - Shot Blocked by Adam Deadmarsh.
1:34 of 3rd period - Slapshot by Patrick Kane.
1:34 of 3rd period - Shot Misses the Net.
2:54 of 3rd period - Minor Penalty to David Moss for Roughing.
2:55 of 3rd period - Steve Begin wins face-off versus Marc Savard in Oilers zone.
3:04 of 3rd period - Snap shot by François Beauchemin.
3:04 of 3rd period - Shot Misses the Net.
3:06 of 3rd period - Wrist shot by David Booth.
3:06 of 3rd period - Goal by David Booth - Blue Jackets : 4 - Oilers : 4.
3:07 of 3rd period - Pavel Datsyuk wins face-off versus Marc Savard in neutral zone.
3:16 of 3rd period - Snap shot by Pavel Datsyuk.
3:16 of 3rd period - Shot Blocked by A.J Thelen.
3:33 of 3rd period - Patrick Kane is hit by Blake Wheeler.
4:02 of 3rd period - David Moss is hit by Mike Commodore and loses puck.
4:12 of 3rd period - Icing by David Moss.
4:13 of 3rd period - Dave Steckel wins face-off versus Olli Jokinen in Oilers zone.
6:05 of 3rd period - Off-side.
6:06 of 3rd period - Ilya Kovalchuk wins face-off versus Chris Kelly in neutral zone.
6:36 of 3rd period - Wrist shot by Marc Savard.
6:36 of 3rd period - Deflect By Ian White.
6:36 of 3rd period - Stopped by Cam Ward with a rebound.
6:40 of 3rd period - Snap shot by David Booth.
6:40 of 3rd period - Shot Misses the Net.
6:42 of 3rd period - Slapshot by Pavel Bure.
6:42 of 3rd period - Shot Misses the Net.
6:56 of 3rd period - Snap shot by Dave Steckel.
6:56 of 3rd period - Shot Blocked by Scott Niedermayer.
7:52 of 3rd period - Minor Penalty to A.J Thelen for Goalie Interference.
7:53 of 3rd period - Jonathan Toews wins face-off versus Marc Savard in Blue Jackets zone.
8:06 of 3rd period - Wrist shot by Tomas Fleischmann.
8:06 of 3rd period - Stopped by Mathieu Garon without a rebound.
8:07 of 3rd period - Pavel Datsyuk wins face-off versus Marc Savard in Blue Jackets zone.
8:18 of 3rd period - Snap shot by Ilya Kovalchuk.
8:18 of 3rd period - Stopped by Mathieu Garon with a rebound.
8:20 of 3rd period - Snap shot by Ilya Kovalchuk.
8:20 of 3rd period - Shot Misses the Net.
8:22 of 3rd period - Snap shot by Pavel Datsyuk.
8:22 of 3rd period - Deflect By Ilya Kovalchuk.
8:22 of 3rd period - Shot Blocked by Branislav Mezei.
8:22 of 3rd period - Puck is out of play.
8:23 of 3rd period - Jonathan Toews wins face-off versus Marc Savard in Blue Jackets zone.
8:36 of 3rd period - Branislav Mezei is hit by Duncan Keith and loses puck.
8:59 of 3rd period - Snap shot by Ilya Kovalchuk.
8:59 of 3rd period - Shot Misses the Net.
9:52 of 3rd period - Penalty to A.J Thelen is over, A.J Thelen is back on ice.
9:57 of 3rd period - Slapshot by Jan Bulis.
9:57 of 3rd period - Shot Misses the Net.
10:05 of 3rd period - Brad Stuart is hit by Eric Nystrom and loses puck.
11:02 of 3rd period - Slapshot by David Booth.
11:02 of 3rd period - Shot Misses the Net.
11:04 of 3rd period - Snap shot by Marc Savard.
11:04 of 3rd period - Deflect By David Booth.
11:04 of 3rd period - Goal by David Booth - Blue Jackets : 5 - Oilers : 4.
11:05 of 3rd period - Marc Savard wins face-off versus Pavel Datsyuk in neutral zone.
11:14 of 3rd period - Slapshot by David Booth.
11:14 of 3rd period - Stopped by Cam Ward with a rebound.
11:32 of 3rd period - Tomas Fleischmann is hit by Wade Redden.
11:36 of 3rd period - Wrist shot by Jonathan Toews.
11:36 of 3rd period - Shot Misses the Net.
11:56 of 3rd period - Snap shot by Chris Kelly.
11:56 of 3rd period - Shot Misses the Net.
11:58 of 3rd period - Slapshot by Branislav Mezei.
11:58 of 3rd period - Shot Blocked by Eric Nystrom.
12:00 of 3rd period - Slapshot by Wade Redden.
12:00 of 3rd period - Stopped by Cam Ward without a rebound.
12:01 of 3rd period - Marc Savard wins face-off versus Pavel Datsyuk in Oilers zone.
12:56 of 3rd period - Snap shot by Chris Kelly.
12:56 of 3rd period - Shot Misses the Net.
13:01 of 3rd period - Minor Penalty to Steve Staios for Holding.
13:02 of 3rd period - Steve Begin wins face-off versus Marc Savard in Oilers zone.
13:16 of 3rd period - Backhand shot by Peter Regin.
13:16 of 3rd period - Shot Blocked by Pavel Bure.
13:18 of 3rd period - Slapshot by Rob Scuderi.
13:18 of 3rd period - Shot Blocked by Marc Savard.
13:51 of 3rd period - Off-side.
13:52 of 3rd period - Jan Bulis wins face-off versus Pavel Datsyuk in neutral zone.
13:59 of 3rd period - Wrist shot by Ramzi Abid.
13:59 of 3rd period - Shot Misses the Net.
14:01 of 3rd period - Wrist shot by Ramzi Abid.
14:01 of 3rd period - Stopped by Cam Ward without a rebound.
14:02 of 3rd period - Pavel Datsyuk wins face-off versus Marc Savard in Oilers zone.
14:17 of 3rd period - Wrist shot by Marc Savard.
14:17 of 3rd period - Stopped by Cam Ward without a rebound.
14:18 of 3rd period - Marc Savard wins face-off versus Pavel Datsyuk in Oilers zone.
15:01 of 3rd period - Penalty to Steve Staios is over, Steve Staios is back on ice.
15:35 of 3rd period - Wrist shot by Blake Wheeler.
15:35 of 3rd period - Shot Misses the Net.
15:37 of 3rd period - Slapshot by Branislav Mezei.
15:37 of 3rd period - Stopped by Cam Ward without a rebound.
15:38 of 3rd period - Pavel Datsyuk wins face-off versus Chris Kelly in Oilers zone.
15:43 of 3rd period - Duncan Keith is hit by Marcus Nilson and loses puck.
16:03 of 3rd period - David Booth is hit by Duncan Keith and loses puck.
16:22 of 3rd period - Slapshot by Rob Scuderi.
16:22 of 3rd period - Shot Hit the Post.
16:44 of 3rd period - Patrick Kane is hit by Brad Stuart and loses puck.
18:05 of 3rd period - Wayne Simmonds is hit by Pavel Bure and loses puck.
18:48 of 3rd period - François Beauchemin is hit by Ilya Kovalchuk and loses puck.
19:01 of 3rd period - Ian White is hit by Pavel Bure and loses puck.
19:20 of 3rd period - Oilers, Cam Ward is pulled from the net.
Goals for this period are 2 for Blue Jackets vs 0 for Oilers.
Shots for this period are 8 for Blue Jackets vs 2 for Oilers.
Output by the SimonT Hockey Simulator (STHS) for François Prévost -- Original Page W3C XHTML 1.0 Valid